 Dungeon Crawl Stone Soup version 0.29.1-4-g47bece8355 (webtiles) character file.

Game seed: 3833408807847849096

123 ChrisAssaf the Insei (level 5, -2/37 HPs)
             Began as a Human Transmuter on Dec 9, 2022.
             Killed from afar by a steam dragon (20 damage)
             ... with a ball of steam
             ... on level 4 of the Dungeon.
             The game lasted 00:10:46 (1780 turns).

ChrisAssaf the Insei (Human Transmuter)             Turns: 1780, Time: 00:10:47

Health: -2/37      AC:  2    Str: 13    XL:     5   Next: 29%
Magic:  4/8        EV: 12    Int: 13    God:
Gold:   99         SH:  0    Dex: 13    Spells: 3/9 levels left

rFire   . . .      SeeInvis .     - Unarmed
rCold   + . .      Faith    .   (no shield)
rNeg    . . .      Spirit   .   a - +0 robe
rPois   .          Reflect  .   (no helmet)
rElec   .          Harm     .   (no cloak)
rCorr   .          Rampage  .   (no gloves)
Will    .....                   (no boots)
Stlth   ++........              (no amulet)
HPRegen 0.12/turn               k - ring of protection from cold
MPRegen 0.11/turn               (no ring)

@: no status effects
A: no striking features
a: no special abilities


You were on level 4 of the Dungeon.
You visited 1 branch of the dungeon, and saw 4 of its levels.

You collected 99 gold pieces.

Inventory:

Hand Weapons
 l - a +0 sling
Armour
 a - a +0 robe (worn)
Jewellery
 k - a ring of protection from cold (left hand)
Scrolls
 d - a scroll of noise
Potions
 b - a potion of mutation {unknown}
 c - 3 potions of degeneration {unknown}
 e - a potion of haste {unknown}
 f - a potion of magic {unknown}
 h - a potion of might {unknown}
 i - a potion of heal wounds {unknown}
 j - a potion of invisibility {unknown}
 m - a potion of resistance {unknown}


   Skills:
 * Level 1.5 Fighting
 * Level 1.1 Ranged Weapons
 * Level 1.1 Armour
 * Level 2.3 Dodging
 * Level 1.2 Stealth
 * Level 3.7 Unarmed Combat
 * Level 2.6 Spellcasting
 * Level 2.3 Transmutations
 * Level 0.8 Poison Magic


You had 3 spell levels left.
You knew the following spells:

 Your Spells              Type           Power      Damage    Failure   Level
a - Beastly Appendage     Tmut           14%        N/A       10%         1
b - Wereblood             Tmut           7%         N/A       14%         2
c - Spider Form           Tmut/Pois      5%         N/A       36%         3

Your spell library contained the following spells:

 Spells                   Type           Power      Damage    Failure   Level
 Frozen Ramparts          Ice            2%         1d1       58%         3
 Ozocubu's Armour         Ice            1%         N/A       58%         3
 Ice Form                 Ice/Tmut       4%         N/A       83%         4
 Summon Ice Beast         Ice/Summ       1%         N/A       94%         4
 Metabolic Englaciation   Hex/Ice        0%         N/A       100%        5
 Simulacrum               Ice/Necr       0%         N/A       100%        6


Dungeon Overview and Level Annotations

Branches:
Dungeon (4/15)
 Temple: D:4-7

Altars:
Sif Muna


Message History

Really attack while wielding your +0 sling? [Y]es or [N]o only, please.
Really attack while wielding your +0 sling? [Y]es or [N]o only, please.
Really attack while wielding your +0 sling? [Y]es or [N]o only, please.
Really attack while wielding your +0 sling?
Okay, then.
You are now empty-handed.
You hit the gnoll.
The gnoll is lightly wounded.
The gnoll misses you.
You hit the gnoll. Your headbutt misses the gnoll.
The gnoll is moderately wounded.
The gnoll hits you with a +0 antimagic halberd.
You feel your power leaking away.
You punch the gnoll!
The gnoll is almost dead.
Your transformation is almost over.
The gnoll closely misses you.
You hit the gnoll but do no damage. Your kick misses the gnoll.
Your headbutt misses the gnoll.
The gnoll is almost dead.
The gnoll barely misses you.
You barely miss the gnoll. You claw the gnoll.
You kill the gnoll!
Things that are here:
a +0 antimagic halberd; a gnoll corpse
l - a +0 sling (weapon)
Your horns disappear.
Your talons disappear.
The steam dragon breathes steam at you. The ball of steam hits you!!
* * * LOW HITPOINT WARNING * * *
You feel better.
You are now empty-handed.
Okay, then.
The steam dragon breathes steam at you. The ball of steam hits you!!
Ouch! That really hurt!
You die...

## #..........# #..<.. .#
#..........# #...o. .#
#>.......).# #..g.. .##
#..........# #..... ..#
#..........# #..o.. #.##
#..........# ###..o..
#..####..........# #....o##
##.##.....##)#...## ##...##o.
##....#### #.#..@.## #...##o...
......# ##.##§#..# ##....#.....
...#..#####..##§##.###...###..#..
...>#...#...###D##..##.#......###
###.###...### #...#..........##
#...#..## #....)..........#
.##.#..#######.)............. .
.........##................ ##
##..#.##.#.................


There were no monsters in sight!

Vanquished Creatures
  A hound (D:4)
  3 adders
  3 gnolls
  A worm (D:2)
  2 orcs
  5 bats
  3 endoplasms
  2 goblins
  2 hobgoblins
  4 kobolds
  A quokka (D:3)
  4 ball pythons
  3 frilled lizards
  4 rats
38 creatures vanquished.

Vanquished Creatures (others)
  2 fungi (D:3)
2 creatures vanquished.

Grand Total: 40 creatures vanquished

Notes
Turn   | Place    | Note
-------+----------+-------------------------------------------
     0 | D:1      | ChrisAssaf the Human Transmuter began the quest for the
                  | Orb.
     0 | D:1      | Reached XP level 1. HP: 15/15 MP: 3/3
   260 | D:2      | Reached XP level 2. HP: 6/21 MP: 3/5
   500 | D:2      | Learned a level 2 spell: Wereblood
   561 | D:2      | HP: 1/21 [worm (8)]
   567 | D:2      | Reached XP level 3. HP: 17/26 MP: 2/6
   590 | D:2      | Learned a level 3 spell: Spider Form
   982 | D:3      | Found a shimmering blue altar of Sif Muna.
   993 | D:3      | Reached XP level 4. HP: 17/32 MP: 3/7
  1168 | D:4      | Noticed a steam dragon
  1436 | D:3      | Reached skill level 1 in Stealth
  1609 | D:4      | Reached skill level 1 in Armour
  1609 | D:4      | Reached XP level 5. HP: 31/37 MP: 0/8
  1724 | D:4      | Reached skill level 1 in Ranged Weapons
  1780 | D:4      | Killed from afar by a steam dragon

Illustrated notes

Levels and vault maps discovered:
D:1:      pf_arrival_petrified_forest, layout_basic,
          hellmonk_ecumenical_altar_lost_god
D:2:      layout_basic, serial_shops, nicolae_shop_behind_doors,
          grunt_ministairs_14
D:3:      layout_rooms, mainiacjoe_overflow_tiny_flanked,
          dreamdust_mushroom_princess
D:4:      layout_rooms, lemuel_tele_altar, chequers_garden

Skill      XL: |  1  2  3  4  5 |
---------------+----------------+-----
Stealth        | 1 |  1.2
Armour         | 1 |  1.1
Ranged Weapons | 1 |  1.1
Fighting       | |  1.5
Dodging        | |  2.3
Unarmed Combat | |  3.7
Spellcasting   | |  2.6
Transmutations | |  2.3
Poison Magic   | |  0.8

Action                   |  1- 3 |  4- 6 || total
-------------------------+-------+-------++-------
Melee: Unarmed           |    58 |    32 ||    90
       Kick              |     9 |     4 ||    13
       Headbutt          |     7 |     3 ||    10
       Punch             |     2 |     1 ||     3
 Fire: Sling             |       |    24 ||    24
 Cast: Beastly Appendage |    14 |     5 ||    19
       Wereblood         |     2 |     2 ||     4
       Spider Form       |     1 |     6 ||     7
  Use: Scroll            |     5 |     3 ||     8
       Potion            |     3 |     2 ||     5
 Stab: Sleeping          |     1 |       ||     1
Armor: Robe              |    13 |     9 ||    22
       Skin              |     3 |       ||     3
Dodge: Dodged            |    48 |    66 ||   114
